Map: Dusk Towers

Players

RewdDudes

  • Race: Protoss Protoss
  • League: Gold

MaximusPRIME - Winner!

  • Race: Protoss Protoss
  • League: Platinum

VOD

Have the link to the VOD?

Description

Time

  • Played on: March 1, 2016, 5:16 p.m.
  • Length: 11:43
Show
View Real Time Build Order
Export as new Build Order

RewdDudes Protoss 

Build Orders: 1 Gate Expand 

Get SALT Encoding   

  12  0:01  Probe (Chrono Boost)  
  13  0:11  Probe (Chrono Boost)  
  14  0:18  Pylon  
  14  0:22  Probe (Chrono Boost)  
  15  0:36  Probe (Chrono Boost)  
  15  0:38  Gateway  
  16  0:47  Probe (Chrono Boost), Assimilator  
  17  0:57  Probe (Chrono Boost)  
  18  1:08  Probe (Chrono Boost)  
  19  1:23  Nexus  
  19  1:26  Probe (Chrono Boost)  
  20  1:39  Cybernetics Core  
  21  1:40  Probe (Chrono Boost)  
  21  1:48  Assimilator  
  21  1:59  Probe (Chrono Boost)  
  22  2:01  Pylon  
  22  2:09  Probe (Chrono Boost)  
  23  2:16  Warp Gate (Chrono Boost)  
  23  2:19  Adept  
  23  2:20  Mothership Core  
  27  2:34  Probe  
  27  2:44  Probe, Twilight Council  
  27  2:48  Probe  
  29  2:54  Sentry  
  29  2:58  Probe  
  32  3:01  Probe  
  33  3:06  Pylon  
  33  3:16  Probe  
  33  3:17  Probe  
  33  3:30  Probe  
  33  3:31  Probe  
  32  3:36  Sentry  
  33  3:42  Probe  
  33  3:44  Probe  
  34  3:56  Probe  
  34  3:58  Probe  
  35  4:11  Probe  
  35  4:12  Probe  
  35  4:14  Gateway  
  35  4:16  Gateway  
  37  4:18  Stalker  
  39  4:29  Probe  
  39  4:30  Probe, Robotics Facility  
  41  4:45  Blink (Chrono Boost)  
  41  4:49  Stalker  
  41  4:51  Probe  
  41  4:52  Probe  
  45  5:10  Probe  
  45  5:11  Probe  
  45  5:13  Nexus  
  47  5:17  Observer (Chrono Boost)  
  47  5:20  Probe  
  48  5:22  Assimilator  
  48  5:23  Probe  
  48  5:26  Assimilator  
  50  5:32  Pylon, Stalker  
  50  5:35  Stalker  
  54  5:49  Probe  
  54  5:50  Probe  
  54  5:53  Stalker  
  54  5:55  Observer (Chrono Boost)  
  51  6:05  Probe  
  51  6:07  Probe  
  51  6:13  Pylon  
  51  6:15  Stalker  
  51  6:16  Stalker x2  
  57  6:19  Probe  
  57  6:21  Probe  
  59  6:26  Probe  
  60  6:35  Observer (Chrono Boost), Probe  
  60  6:37  Probe  
  63  6:42  Probe  
  63  6:45  Stalker x2  
  68  6:59  Pylon  
  64  7:06  Stalker  
  64  7:08  Probe x2  
  65  7:09  Probe  
  65  7:13  Pylon  
  64  7:32  Probe x2  
  64  7:33  Probe  
  64  7:35  Stalker x2  
  64  7:36  Stalker  
  73  7:46  Probe x2  
  73  7:47  Probe  
  76  8:00  Probe x2  
  76  8:01  Probe  
  76  8:03  Gateway  
  79  8:10  Pylon  
  79  8:12  Pylon  
  79  8:17  Robotics Bay  
  79  8:21  Probe x2  
  79  8:22  Probe  
  82  8:32  Templar Archives  
  82  8:33  Probe  
  82  8:34  Probe x2  
  85  8:43  Immortal (Chrono Boost)  
  85  8:45  Probe  
  90  8:52  Probe  
  90  8:54  Probe  
  92  8:59  Probe  
  92  9:02  Pylon  
  93  9:03  Probe  
  93  9:05  Forge  
  93  9:06  Probe  
  93  9:07  Forge  
  95  9:15  Probe x2  
  97  9:24  Pylon  
  97  9:26  Immortal (Chrono Boost)  
  97  9:27  High Templar x3  
  97  9:28  High Templar  
  109  9:37  Probe x2  
  109  9:38  Probe  
  111  9:41  Psionic Storm  
  111  9:42  Assimilator  
  112  9:46  Assimilator  
  112  9:50  Protoss Ground Weapons Level 1 (Chrono Boost)  
  112  9:51  Protoss Ground Armor Level 1 (Chrono Boost)  
  112  9:52  Robotics Facility  
  112  9:59  Archon x2  
  112  10:02  Probe x3  
  115  10:12  Stalker x4  
  123  10:20  Gateway  
  123  10:23  Gateway  
  123  10:24  Pylon  
  123  10:27  Pylon  
  123  10:35  Pylon  
  123  10:38  Immortal  
  123  10:39  Immortal  
  123  10:41  Stalker  
  131  10:52  High Templar x3  
  129  11:06  Archon  
  90  11:21  Stalker  
  90  11:22  Stalker  
  86  11:27  Stalker x2  
  86  11:28  Stalker x2  
Show
View Real Time Build Order
Export as new Build Order

MaximusPRIME Protoss - Winner!

Build Orders:  

Get SALT Encoding   

  12  0:02  Probe (Chrono Boost)  
  13  0:12  Probe (Chrono Boost)  
  14  0:18  Pylon  
  14  0:23  Probe (Chrono Boost)  
  15  0:36  Probe (Chrono Boost)  
  15  0:37  Gateway  
  15  0:42  Assimilator  
  16  0:48  Probe (Chrono Boost)  
  17  0:59  Probe (Chrono Boost)  
  17  1:02  Gateway  
  18  1:10  Probe (Chrono Boost)  
  19  1:17  Pylon  
  19  1:24  Cybernetics Core  
  19  1:27  Probe (Chrono Boost)  
  20  1:52  Nexus  
  20  2:04  Adept x2  
  24  2:12  Mothership Core (Chrono Boost)  
  26  2:18  Assimilator  
  26  2:24  Warp Gate  
  26  2:30  Probe (Chrono Boost)  
  27  2:41  Probe (Chrono Boost)  
  28  2:45  Stalker  
  30  2:51  Probe (Chrono Boost)  
  31  3:03  Probe (Chrono Boost)  
  32  3:06  Pylon  
  32  3:11  Pylon  
  32  3:30  Probe (Chrono Boost)  
  32  3:31  Probe (Chrono Boost)  
  35  3:41  Probe (Chrono Boost)  
  33  3:59  Probe x2 (Chrono Boost)  
  33  4:06  Robotics Facility, Stargate  
  33  4:10  Probe x2 (Chrono Boost)  
  33  4:12  Twilight Council  
  33  4:16  Gateway  
  35  4:17  Gateway  
  35  4:20  Probe (Chrono Boost)  
  35  4:21  Probe (Chrono Boost)  
  39  4:31  Probe x2 (Chrono Boost)  
  39  4:32  Stalker x2  
  43  4:41  Probe (Chrono Boost)  
  43  4:42  Probe (Chrono Boost), Assimilator  
  45  4:47  Assimilator  
  45  4:50  Oracle (Chrono Boost)  
  48  4:56  Observer  
  49  5:00  Probe  
  49  5:01  Probe  
  51  5:10  Probe  
  51  5:13  Probe  
  53  5:15  Blink  
  53  5:29  Warp Prism  
  55  5:48  Pylon  
  55  5:51  Pylon  
  55  5:56  Probe  
  55  5:57  Probe  
  57  6:06  Probe  
  57  6:09  Probe  
  59  6:12  Stalker x2  
  59  6:13  Stalker x2  
  67  6:33  Probe  
  67  6:34  Probe  
  67  6:37  Pylon  
  69  6:40  Pylon  
  69  6:43  Pylon  
  69  6:48  Pylon  
  69  6:53  Nexus  
  69  6:54  Pylon  
  69  6:57  Pylon  
  69  6:59  Pylon  
  69  7:08  Stalker x4  
  70  7:43  Warp Prism  
  72  7:46  Void Ray (Chrono Boost)  
  76  7:55  Gateway, Stalker  
  76  7:56  Stalker x3  
  84  8:08  Gateway  
  84  8:09  Gateway  
  84  8:13  Gateway  
  84  8:33  Void Ray (Chrono Boost)  
  88  8:48  Immortal  
  92  9:02  Probe  
  92  9:03  Probe  
  92  9:04  Probe  
  95  9:10  Void Ray (Chrono Boost)  
  95  9:13  Probe  
  95  9:16  Probe  
  95  9:17  Stalker x4  
  103  9:18  Stalker x4  
  117  9:27  Immortal  
  121  9:50  Assimilator  
  121  9:55  Assimilator  
  121  9:59  Gateway  
  121  10:01  Gateway  
  121  10:04  Forge  
  121  10:05  Stalker x4  
  121  10:06  Stalker x4  
  137  10:07  Forge  
  137  10:12  Pylon  
  137  10:13  Pylon  
  137  10:19  Nexus  
  137  10:54  Stalker  
  137  10:55  Stalker x4  
  137  10:56  Stalker  
  137  11:29  Stalker x4  
  137  11:30  Stalker x4  
Tags
 
Add a new tag
Caveats
  • Supply blocks, unpowered buildings, or Contaminate may cause inaccurate times.
  • Supply counts are checked every 10 seconds.